[Event "MPL 47th National Women Chess-ch 2022"]
[Site "Odisha"]
[Date "2022.02.25"]
[Round "1.2"]
[White "Kulkarni Bhakti"]
[Black "Mrittika Mallick"]
[Result "0-1"]
[ECO "B13"]
[WhiteElo "2388"]
[BlackElo "1666"]
[Annotator "ChessBase"]
[PlyCount "160"]
[EventDate "2022.02.25"]
[EventCountry "IND"]
[SourceTitle "playchess.com"]
[Source "ChessBase"]
[SourceQuality "1"]
[TimeControl "5400+30"]

1. d4 d5 2. Nf3 Nf6 3. Bf4 c5 4. e3 Nc6 5. c3 cxd4 6. exd4 Bf5 7. Qb3 Qc8 8. Be2 e6 9. O-O Be7 10. h3 h6 11. Nbd2 O-O 12. Rfe1 a6 13. a4 Re8 14. Bf1 Ne4 15. Nxe4 Bxe4 16. Qd1 Bf6 17. Bd3 Bxd3 18. Qxd3 Qd8 19. Re2 Rc8 20. Kh1 Na5 21. Rg1 Nc4 22. g4 Nd6 23. g5 hxg5 24. Nxg5 Nf5 25. Qf3 Bxg5 26. Bxg5 f6 27. Bd2 Qd7 28. b3 b5 29. axb5 axb5 30. b4 Rf8 31. Qg4 Rce8 32. Rge1 Re7 33. h4 Ree8 34. h5 Qf7 35. Rg1 Kh8 36. f3 Kh7 37. Rge1 Kh8 38. Bf4 Re7 39. Qh3 Rc8 40. Bd2 Ra8 41. Rg1 Kh7 42. Reg2 Rh8 43. Rg6 Kg8 44. h6 Kf8 45. Qh2 Rb7 46. Bf4 Ke8 47. Qa2 Ra7 48. Qe2 Rb7 49. Qh2 Rd7 50. Qe2 Rb7 51. Qh2 Rd7 52. Bc1 Rb7 53. R1g4 Kf8 54. Kg1 gxh6 55. Bf4 Ke8 56. Bd2 h5 57. Rg2 Kd8 58. Rxf6 Qd7 59. Qe5 Re8 60. Rgg6 Nh4 61. Rg5 Qh7 62. Qd6+ Qd7 63. Qf4 Nf5 64. Rxh5 Qg7+ 65. Qg4 Qc7 66. Rg5 Qh7 67. Rfg6 Ra7 68. Rh5 Qd7 69. Rg8 Ra1+ 70. Kf2 Ra2 71. Ke1 Kc7 72. Rxe8 Qxe8 73. Rh7+ Kb6 74. Bf4 Qc6 75. Rc7 Ra1+ 76. Kf2 Qa8 77. Qg5 Qa2+ 78. Bd2 Kxc7 79. Qf4+ Kc6 80. Qg5 Qb1 0-1

[Event "MPL 47th National Women Chess-ch 2022"]
[Site "Odisha"]
[Date "2022.02.25"]
[Round "1.5"]
[White "Nisha, N. Patkar"]
[Black "Soumya, Swaminathan"]
[Result "0-1"]
[ECO "B31"]
[WhiteElo "1584"]
[BlackElo "2360"]
[Annotator "ChessBase"]
[PlyCount "68"]
[EventDate "2022.02.25"]
[EventCountry "IND"]
[SourceTitle "playchess.com"]
[Source "ChessBase"]
[SourceQuality "1"]
[TimeControl "5400+30"]

1. e4 c5 2. Nf3 Nc6 3. Bb5 g6 4. O-O Bg7 5. Re1 e5 6. c3 Nge7 7. d4 exd4 8. Bf4 a6 9. Bc4 d6 10. Ng5 O-O 11. Qf3 Qe8 12. Bxd6 Ne5 13. Qe2 Qd7 14. Bxe5 Bxe5 15. cxd4 cxd4 16. Nd2 b5 17. Bd3 f6 18. Ngf3 Kg7 19. Nb3 Qd6 20. h3 Be6 21. Nfd2 g5 22. Rec1 Rfc8 23. Qf1 h5 24. Rxc8 Rxc8 25. Rc1 Rg8 26. a4 Bf4 27. Rc2 g4 28. hxg4 Bh2+ 29. Kh1 hxg4 30. g3 Bxg3 31. Qg2 Rh8+ 32. Kg1 Bh2+ 33. Kf1 g3 34. Ke1 Bh3 0-1

[Event "MPL 47th National Women Chess-ch 2022"]
[Site "Odisha"]
[Date "2022.02.25"]
[Round "1.8"]
[White "Divya Deshmukh"]
[Black "Varshita Jain"]
[Result "1/2-1/2"]
[ECO "A08"]
[WhiteElo "2301"]
[BlackElo "1491"]
[Annotator "ChessBase"]
[PlyCount "109"]
[EventDate "2022.02.25"]
[EventCountry "IND"]
[SourceTitle "playchess.com"]
[Source "ChessBase"]
[SourceQuality "1"]
[TimeControl "5400+30"]

1. Nf3 d5 2. b3 Nf6 3. Bb2 c5 4. g3 Nc6 5. Bg2 d4 6. d3 e5 7. Nbd2 Bd6 8. e3 O-O 9. O-O Re8 10. a4 Rb8 11. Nc4 Bc7 12. Nfd2 Ne7 13. Re1 a6 14. exd4 exd4 15. a5 Be6 16. Ba3 Ned5 17. Ne4 Nxe4 18. dxe4 Nc3 19. Qd3 Bxa5 20. Bxc5 Bxc4 21. Qxc4 b6 22. Ba3 Nb5 23. b4 Nxa3 24. Rxa3 b5 25. Qb3 Bb6 26. Rxa6 d3 27. cxd3 Qd4 28. Ra2 Ra8 29. Ree2 Red8 30. Bf1 g6 31. Rec2 Rxa2 32. Rxa2 Rc8 33. Qb2 Rc3 34. Ra8+ Kg7 35. Rb8 Rb3 36. Qxd4+ Bxd4 37. Rxb5 Rb2 38. Rd5 Bxf2+ 39. Kh1 Rxb4 40. Bh3 Rd4 41. Rxd4 Bxd4 42. Kg2 Kf6 43. Bd7 Ke5 44. Kf3 f5 45. Bc6 h6 46. Bb7 Bc3 47. Ba8 h5 48. exf5 Kxf5 49. Be4+ Kf6 50. Ke3 g5 51. d4 Bb4 52. Bf3 h4 53. gxh4 Bd6 54. h3 Bf4+ 55. Kd3 1/2-1/2

[Event "MPL 47th National Women Chess-ch 2022"]
[Site "Odisha"]
[Date "2022.02.25"]
[Round "1.11"]
[White "Pammi, Rani"]
[Black "Arpita, Mukherjee"]
[Result "0-1"]
[ECO "B92"]
[WhiteElo "1455"]
[BlackElo "2260"]
[Annotator "ChessBase"]
[PlyCount "36"]
[EventDate "2022.02.25"]
[EventCountry "IND"]
[SourceTitle "playchess.com"]
[Source "ChessBase"]
[SourceQuality "1"]
[TimeControl "5400+30"]

1. e4 c5 2. Nf3 d6 3. d4 cxd4 4. Nxd4 Nf6 5. Nc3 a6 6. Be2 e5 7. Nb3 Be6 8. Be3 Be7 9. O-O O-O 10. f4 exf4 11. Bxf4 Nc6 12. Kh1 b5 13. a3 Rc8 14. Rc1 Ne5 15. Bxe5 dxe5 16. Qxd8 Rfxd8 17. Nb1 Nxe4 18. Bf3 Nd6 0-1

[Event "MPL 47th National Women Chess-ch 2022"]
[Site "Odisha"]
[Date "2022.02.25"]
[Round "2.1"]
[White "Kheerthi Ganta"]
[Black "Vaishali R"]
[Result "0-1"]
[ECO "E62"]
[WhiteElo "2011"]
[BlackElo "2403"]
[Annotator "NA"]
[PlyCount "160"]
[EventDate "2022.02.25"]
[EventCountry "IND"]
[SourceTitle "playchess.com"]
[Source "ChessBase"]
[SourceQuality "1"]
[TimeControl "5400+30"]

1. d4 Nf6 2. c4 Nc6 3. Nf3 e6 4. Nc3 d6 5. g3 g6 6. Bg2 Bg7 7. O-O O-O 8. e4 e5 9. dxe5 (9. d5 $1 $14 Ne7 10. Re1) 9... Nxe5 $14 10. Nxe5 dxe5 11. Bg5 c6 12. Qxd8 Rxd8 13. Rad1 Be6 14. b3 h6 15. Bc1 Nd7 16. Be3 Bf8 17. Rd3 Nc5 18. Rxd8 Rxd8 19. Rd1 Rxd1+ 20. Nxd1 f5 21. Nc3 a5 22. f3 a4 23. b4 Nd3 24. a3 f4 25. Bd2 Bxc4 26. Nxa4 Bb3 27. Nc3 Bd6 28. Bf1 Bc2 29. Na2 g5 30. Nc1 Nb2 31. Bc3 Na4 32. Bd2 b5 33. Bh3 Nb6 34. Be6+ Kg7 35. Be1 Kf6 36. Bf2 Kxe6 37. Bxb6 g4 38. Kf2 h5 39. gxf4 exf4 40. Ne2 Bd1 41. Nd4+ Kd7 42. Ke1 Ba4 43. Kf2 Bd1 44. Ke1 Ba4 45. Kf2 Be5 46. Nf5 Bb2 47. Bc5 Bd1 48. Nh4 Ke6 49. Ke1 Bb3 50. Ng6 Bc1 51. Nh4 Bxa3 52. Kd2 Bb2 53. Ke2 Bc1 54. Ke1 Kf6 55. Ke2 Bc4+ 56. Kf2 Be6 57. Ke1 Bb2 58. Kf2 Bc3 59. Ng2 Be5 60. Ne1 Bc4 61. Ng2 Bd3 62. Ne1 Bb1 63. Ng2 Ke6 64. Ke2 Bc2 65. Ne1 Bb1 66. Ng2 Bc7 67. Kf2 Ke5 68. Nh4 Bc2 69. Ng6+ Ke6 70. Ke2 Kf6 71. Ne7 gxf3+ 72. Kxf3 Bd1+ 73. Kf2 Ke5 74. Nxc6+ Kxe4 75. Nd4 Ba4 76. Ke2 Be5 77. Nf3 Bd1+ 78. Kxd1 Kxf3 79. Ke1 Kg2 80. h4 f3 0-1

[Event "MPL 47th National Women Chess-ch 2022"]
[Site "Odisha"]
[Date "2022.02.25"]
[Round "2.2"]
[White "Nandhidhaa, P V"]
[Black "Nimmy, A.G."]
[Result "1-0"]
[ECO "A07"]
[WhiteElo "2380"]
[BlackElo "2110"]
[Annotator "NA"]
[PlyCount "73"]
[EventDate "2022.02.25"]
[EventCountry "IND"]
[SourceTitle "playchess.com"]
[Source "ChessBase"]
[SourceQuality "1"]
[TimeControl "5400+30"]

1. Nf3 d5 2. g3 Bg4 3. Bg2 c6 4. d3 Nd7 5. O-O Ngf6 6. h3 Bh5 7. c4 e6 8. cxd5 $11 exd5 9. e4 dxe4 10. dxe4 Nc5 11. Nc3 Be7 12. Qc2 Qd3 13. Ne1 Qxc2 14. Nxc2 Bg6 15. Nd4 Nfxe4 16. Nxe4 Nxe4 17. Re1 Nc5 18. Nxc6 Ne6 19. Be3 Bf6 20. Bd4 bxc6 21. Bxc6+ Ke7 22. Bc5+ Kd8 23. Rxe6 fxe6 24. Bxa8 Bxb2 25. Re1 Kd7 26. Bf3 a5 27. Rd1+ Kc7 28. Rd6 e5 29. Rc6+ Kd7 30. Ra6 Bc3 31. Bd5 Rb8 32. Ra7+ Kc8 33. Bd6 Rb1+ 34. Kh2 Bf5 35. Bc6 Kd8 36. Rxg7 Be6 37. Re7 1-0

[Event "MPL 47th National Women Chess-ch 2022"]
[Site "Odisha"]
[Date "2022.02.25"]
[Round "2.3"]
[White "Bhagyashree Patil"]
[Black "Gomes, Mary Ann"]
[Result "0-1"]
[ECO "D02"]
[WhiteElo "1974"]
[BlackElo "2361"]
[Annotator "ChessBase"]
[PlyCount "46"]
[EventDate "2022.02.25"]
[EventCountry "IND"]
[SourceTitle "playchess.com"]
[Source "ChessBase"]
[SourceQuality "1"]
[TimeControl "5400+30"]

1. d4 Nf6 2. Nf3 e6 3. g3 c5 4. Bg2 cxd4 5. Nxd4 d5 6. O-O Be7 7. b3 Nc6 8. Bb2 O-O 9. Nd2 Nxd4 10. Bxd4 Bd7 11. e4 Bc6 12. exd5 Bxd5 13. Nf3 b5 14. Bb2 Qb6 15. Ne5 Rad8 16. Qe2 Bxg2 17. Kxg2 Qb7+ 18. Kg1 Ne4 19. Rad1 f6 20. Ng4 Rxd1 21. Rxd1 Ng5 22. h4 Nf3+ 23. Kf1 Nd4 0-1

[Event "MPL 47th National Women Chess-ch 2022"]
[Site "Odisha"]
[Date "2022.02.25"]
[Round "2.4"]
[White "Soumya, Swaminathan"]
[Black "Jyothsna L"]
[Result "1-0"]
[ECO "C11"]
[WhiteElo "2360"]
[BlackElo "2052"]
[Annotator "NA"]
[PlyCount "83"]
[EventDate "2022.02.25"]
[EventCountry "IND"]
[SourceTitle "playchess.com"]
[Source "ChessBase"]
[SourceQuality "1"]
[TimeControl "5400+30"]

1. e4 e6 2. d4 d5 3. Nc3 Nf6 4. e5 Nfd7 5. f4 c5 6. Nf3 Nc6 7. Be3 cxd4 8. Nxd4 Bc5 9. Qd2 O-O 10. O-O-O a6 11. h4 Nxd4 12. Bxd4 b5 13. h5 b4 14. Na4 Bxd4 15. Qxd4 a5 16. Kb1 Ba6 17. Bxa6 Rxa6 18. c4 bxc3 19. Qxc3 Qb8 20. Rc1 Qb5 21. b3 Nb6 22. Nc5 Ra7 23. a4 Qe8 24. h6 g6 25. Qd4 Qb8 26. Ka2 Nd7 27. Nd3 Rb7 28. Rc3 Rc8 29. Rhc1 Rbc7 30. g4 Kf8 31. f5 Ke7 32. Kb2 Rxc3 33. Rxc3 Rxc3 34. Qxc3 Qb6 35. f6+ Kd8 36. Ka2 Qc7 37. Qb2 Nc5 38. Qa3 Nxd3 39. Qf8+ Kd7 40. Qxf7+ Kc6 41. Qxc7+ Kxc7 42. f7 1-0

[Event "MPL 47th National Women Chess-ch 2022"]
[Site "Odisha"]
[Date "2022.02.25"]
[Round "2.5"]
[White "Lakshmi C"]
[Black "Padmini, Rout"]
[Result "0-1"]
[ECO "E61"]
[WhiteElo "1968"]
[BlackElo "2350"]
[Annotator "NA"]
[PlyCount "92"]
[EventDate "2022.02.25"]
[EventCountry "IND"]
[SourceTitle "playchess.com"]
[Source "ChessBase"]
[SourceQuality "1"]
[TimeControl "5400+30"]

1. d4 Nf6 2. c4 c5 3. e3 g6 4. Nc3 Bg7 5. Nf3 O-O 6. d5 e6 7. e4 exd5 8. exd5 d6 9. Be2 Bf5 10. O-O Ne4 11. Nxe4 Bxe4 12. Ng5 Bf5 13. Bd3 Bxd3 14. Qxd3 Nd7 15. f4 h6 16. Ne4 Nf6 17. Nf2 a6 18. Bd2 b5 19. b3 Qd7 20. Rae1 Rfe8 21. Bc3 b4 22. Bd2 a5 23. h3 h5 24. Nd1 Qf5 25. Qxf5 gxf5 26. Kh2 Rxe1 27. Rxe1 Kh7 28. Ne3 Kg6 29. Bc1 a4 30. Re2 h4 31. g3 axb3 32. axb3 hxg3+ 33. Kxg3 Ra1 34. Bb2 Ne4+ 35. Kf3 Rg1 36. Ng2 Rf1+ 37. Ke3 Bxb2 38. Rxb2 Rh1 39. h4 Rh3+ 40. Ke2 Kh5 41. Ke1 Kg4 42. Kf1 Rh1+ 43. Ke2 Kg3 44. Kd3 Rh2 45. Ne3 Rxb2 46. Nxf5+ Kxf4 0-1

[Event "MPL 47th National Women Chess-ch 2022"]
[Site "Odisha"]
[Date "2022.02.25"]
[Round "2.6"]
[White "Pratyusha, Bodda"]
[Black "Chandreyee, Hajra"]
[Result "1-0"]
[ECO "D36"]
[WhiteElo "2328"]
[BlackElo "2001"]
[Annotator "NA"]
[PlyCount "133"]
[EventDate "2022.02.25"]
[EventCountry "IND"]
[SourceTitle "playchess.com"]
[Source "ChessBase"]
[SourceQuality "1"]
[TimeControl "5400+30"]

1. d4 d5 2. c4 e6 3. Nc3 Nf6 4. cxd5 exd5 5. Bg5 Be7 6. e3 c6 7. Bd3 Nbd7 8. Nf3 Nf8 9. O-O Ne6 10. Bh4 O-O 11. Rb1 g6 12. b4 Ng7 13. b5 Nf5 14. Bg3 Bd6 15. Bxd6 Nxd6 16. bxc6 bxc6 17. Ne5 Qc7 18. Qa4 c5 19. dxc5 Nde4 20. Qd4 Nxc5 21. Nb5 Qb6 22. Bc2 Ne6 23. Qh4 Kg7 24. Rfc1 Ba6 25. Bd3 Bxb5 26. Bxb5 Qd6 27. Nf3 Rac8 28. Rd1 Qa3 29. Qg3 a6 30. Bf1 Rc2 31. Rb6 a5 32. Qe5 Qc5 33. Rb7 Qc6 34. Rdb1 Re8 35. Qa1 Qc3 36. Qxc3 Rxc3 37. Ra7 Ra3 38. Rb2 Rc8 39. Ne5 Nd8 40. g4 Ra4 41. g5 Ne4 42. h4 Nd6 43. Rd2 Rxh4 44. Rxd5 N8b7 45. Ba6 Rb4 46. Bxb7 Rxb7 47. Rdxa5 Rxa7 48. Rxa7 Rc5 49. f4 Rc2 50. Rd7 Rc1+ 51. Kg2 Nf5 52. Nxf7 Nxe3+ 53. Kf3 Rc3 54. Ne5+ Kg8 55. Rd3 Rxd3 56. Nxd3 Nc4 57. a4 Kg7 58. Ke4 h5 59. gxh6+ Kxh6 60. Kd4 Na5 61. Kc5 Kg7 62. Kb5 Nb3 63. Nc5 Nd4+ 64. Kb6 Ne2 65. Nd3 Nc3 66. a5 Kf6 67. a6 1-0

[Event "MPL 47th National Women Chess-ch 2022"]
[Site "Odisha"]
[Date "2022.02.25"]
[Round "2.7"]
[White "Priyanka Nutakki"]
[Black "Deodhar, Vrushali Umesh"]
[Result "1-0"]
[ECO "D94"]
[WhiteElo "2301"]
[BlackElo "1974"]
[Annotator "NA"]
[PlyCount "101"]
[EventDate "2022.02.25"]
[EventCountry "IND"]
[SourceTitle "playchess.com"]
[Source "ChessBase"]
[SourceQuality "1"]
[TimeControl "5400+30"]

1. d4 d5 2. c4 c6 3. Nf3 Nf6 4. e3 g6 5. Nc3 Bg7 6. Be2 O-O 7. O-O Bg4 8. cxd5 cxd5 9. Qb3 b6 10. h3 Bxf3 11. Bxf3 e6 12. Bd2 Nc6 13. Rfc1 Na5 14. Qc2 Qd7 15. Be2 a6 16. Na4 Rfc8 17. Qd1 Qb7 18. Bxa5 bxa5 19. Nc5 Qb6 20. Qb3 Rcb8 21. Qxb6 Rxb6 22. b3 Kf8 23. Na4 Rd6 24. Rc7 Nd7 25. f4 Bf6 26. Rac1 Bd8 27. R7c2 Ke8 28. g4 Ra7 29. g5 Nb8 30. h4 Nd7 31. Kg2 Ke7 32. Bd3 Nb6 33. Nb2 Kd7 34. Be2 Ke7 35. Kf3 Nd7 36. Nd3 Ra8 37. Kg3 Ra7 38. Nf2 Rb7 39. Nd3 Ra7 40. h5 Ra8 41. Nf2 Rb8 42. hxg6 hxg6 43. Ng4 a4 44. bxa4 Rb4 45. Rh1 Nf8 46. Rh8 Rxa4 47. Ne5 Ke8 48. Kf3 Rb4 49. Rc8 Rb7 50. Nc6 f6 51. Nxd8 1-0

[Event "MPL 47th National Women Chess-ch 2022"]
[Site "Odisha"]
[Date "2022.02.25"]
[Round "2.8"]
[White "Kotepalli, Sai Nirupama"]
[Black "Rakshitta Ravi"]
[Result "1-0"]
[ECO "C44"]
[WhiteElo "1914"]
[BlackElo "2278"]
[Annotator "NA"]
[PlyCount "121"]
[EventDate "2022.02.25"]
[EventCountry "IND"]
[SourceTitle "playchess.com"]
[Source "ChessBase"]
[SourceQuality "1"]
[TimeControl "5400+30"]

1. e4 e5 2. d3 Nc6 3. Nf3 Nf6 4. g3 d5 5. exd5 Nxd5 6. Bg2 Be7 7. O-O O-O 8. h3 Re8 9. Nbd2 f5 10. Nc4 Bf6 11. Re1 b5 12. Ne3 Be6 13. Nh2 Qd7 14. Nxd5 Bxd5 15. Bxd5+ Qxd5 16. Be3 Rad8 17. Qh5 g6 18. Qd1 f4 19. gxf4 exf4 20. Bxf4 Bxb2 21. Rb1 Be5 22. Ng4 Bg7 23. Bxc7 Nd4 24. Re4 Rc8 25. Be5 Rxe5 26. Nxe5 Bxe5 27. Qg4 Rf8 28. c4 Qf7 29. Kh1 h5 30. Qg2 Bg7 31. Rbe1 Nf3 32. R1e2 bxc4 33. Rxc4 Ne5 34. Rc3 Rb8 35. d4 Rb1+ 36. Kh2 Qf4+ 37. Qg3 Qxd4 38. Rc7 Rb5 39. f4 h4 40. Qe3 Rb2 41. Qxd4 Rxe2+ 42. Kh1 Rh2+ 43. Kxh2 Nf3+ 44. Kg2 Nxd4 45. Rxa7 Ne6 46. Kf3 Bd4 47. Re7 Nc5 48. a4 Kf8 49. Rc7 Ne6 50. Rh7 Nc5 51. a5 Bg7 52. Rxh4 Bc3 53. f5 Bxa5 54. fxg6 Kg7 55. Rg4 Ne6 56. Ke4 Bd8 57. Kf5 Nf8 58. Rb4 Be7 59. Rb6 Kh6 60. Rb7 Bd6 61. g7 1-0

[Event "MPL 47th National Women Chess-ch 2022"]
[Site "Odisha"]
[Date "2022.02.25"]
[Round "2.9"]
[White "Arpita, Mukherjee"]
[Black "Ghosh Samriddhaa"]
[Result "1-0"]
[ECO "D00"]
[WhiteElo "2260"]
[BlackElo "1910"]
[Annotator "NA"]
[PlyCount "77"]
[EventDate "2022.02.25"]
[EventCountry "IND"]
[SourceTitle "playchess.com"]
[Source "ChessBase"]
[SourceQuality "1"]
[TimeControl "5400+30"]

1. d4 d5 2. Bf4 Nf6 3. e3 c5 4. c3 Nc6 5. Nd2 Bf5 6. Ngf3 c4 7. Nh4 Bd7 8. Be2 h6 9. Bg3 g5 10. Nhf3 Bf5 11. Ne5 Nxe5 12. Bxe5 Bg7 13. e4 Be6 14. exd5 Bxd5 15. Bxc4 Bxg2 16. Rg1 Bd5 17. Qb3 Bxc4 18. Qxc4 Nh5 19. O-O-O Bxe5 20. dxe5 Nf4 21. Nb3 Qc8 22. Nc5 Qc6 23. Rd4 Rc8 24. Rxf4 gxf4 25. e6 fxe6 26. Qd4 Rf8 27. Nb3 Qd5 28. Qg7 e5 29. Qxh6 Qf7 30. Rg7 Qf6 31. Rg6 Qf5 32. Rg5 Qf6 33. Qh5+ Kd7 34. Rxe5 Kc7 35. Nc5 Kb8 36. Nd7+ Ka8 37. Nxf6 exf6 38. Re7 Rh8 39. Qf3 1-0

[Event "MPL 47th National Women Chess-ch 2022"]
[Site "Odisha"]
[Date "2022.02.25"]
[Round "2.10"]
[White "Velpula Sarayu"]
[Black "Savitha Shri B"]
[Result "1-0"]
[ECO "B23"]
[WhiteElo "1875"]
[BlackElo "2257"]
[Annotator "NA"]
[PlyCount "71"]
[EventDate "2022.02.25"]
[EventCountry "IND"]
[SourceTitle "playchess.com"]
[Source "ChessBase"]
[SourceQuality "1"]
[TimeControl "5400+30"]

1. e4 c5 2. Nc3 a6 3. g3 b5 4. Bg2 Bb7 5. Nge2 e6 6. O-O d5 7. exd5 b4 8. Na4 exd5 9. Re1 Be7 10. Nf4 Kf8 11. c4 Nf6 12. Nxd5 Nxd5 13. cxd5 Ra7 14. d4 c4 15. Bf4 Nd7 16. d6 Bf6 17. Bxb7 Rxb7 18. Qe2 Rb5 19. Qxc4 g5 20. Bd2 Qa5 21. a3 Kg7 22. axb4 Qd8 23. Nc5 Nb6 24. Qd3 Qxd6 25. Rxa6 Qxd4 26. Qxb5 Qxd2 27. Rf1 Bd8 28. Rxb6 Bxb6 29. Qxb6 Re8 30. Nb3 Qc2 31. Qd4+ Kg8 32. Qc3 Qf5 33. Nd4 Qh3 34. Qc5 h6 35. Qf5 Qh5 36. b5 1-0

[Event "MPL 47th National Women Chess-ch 2022"]
[Site "Odisha"]
[Date "2022.02.25"]
[Round "2.11"]
[White "Sharma Isha"]
[Black "Jayashree, P.K."]
[Result "1-0"]
[ECO "B75"]
[WhiteElo "2253"]
[BlackElo "1864"]
[Annotator "NA"]
[PlyCount "113"]
[EventDate "2022.02.25"]
[EventCountry "IND"]
[SourceTitle "playchess.com"]
[Source "ChessBase"]
[SourceQuality "1"]
[TimeControl "5400+30"]

1. e4 c5 2. Nf3 d6 3. d4 cxd4 4. Nxd4 Nf6 5. Nc3 g6 6. Be3 Bg7 7. f3 Nbd7 8. Qd2 h5 9. O-O-O a6 10. Bc4 b5 11. Bb3 Bb7 12. Kb1 O-O 13. Bh6 Nc5 14. Qg5 Nxb3 15. Bxg7 Kxg7 16. axb3 e6 17. Nce2 Rc8 18. Nf4 Qe8 19. Ndxe6+ fxe6 20. Rxd6 Rc6 21. Nxe6+ Qxe6 22. Rxe6 Rxe6 23. Rd1 Rfe8 24. Qc5 Kh6 25. Rd6 Bc8 26. Rxe6 Bxe6 27. Qe3+ Kg7 28. Qa7+ Bd7 29. Qxa6 Kf7 30. Qd6 Re6 31. Qf4 Ke7 32. c4 bxc4 33. bxc4 Rc6 34. b3 Be6 35. h3 Nd7 36. g4 hxg4 37. hxg4 Nc5 38. Kc2 Kd7 39. Qf6 Rb6 40. Qd4+ Kc6 41. e5 Nxb3 42. Qd6+ Kb7 43. Qe7+ Ka6 44. Kc3 Na5 45. c5 Rc6 46. Kb4 Bc8 47. Qe8 Bb7 48. Qd8 Nb3 49. Qd3+ Ka7 50. Qxb3 Rc7 51. Qe6 Kb8 52. Qe8+ Rc8 53. Qf7 Rc7 54. e6 Bc6 55. e7 Rc8 56. Qxg6 Re8 57. Qxc6 1-0

[Event "MPL 47th National Women Chess-ch 2022"]
[Site "Odisha"]
[Date "2022.02.25"]
[Round "2.12"]
[White "Bristy Mukherjee"]
[Black "Priyanka, Kumari"]
[Result "1-0"]
[ECO "D03"]
[WhiteElo "1856"]
[BlackElo "1910"]
[Annotator "NA"]
[PlyCount "73"]
[EventDate "2022.02.25"]
[EventCountry "IND"]
[SourceTitle "playchess.com"]
[Source "ChessBase"]
[SourceQuality "1"]
[TimeControl "5400+30"]

1. d4 Nf6 2. Bg5 d5 3. e3 Nbd7 4. Nf3 h6 5. Bh4 e6 6. Nbd2 Be7 7. Bd3 c5 8. c3 b6 9. Qa4 O-O 10. Rd1 Bb7 11. Bb1 Re8 12. Ne5 Nxe5 13. dxe5 Nd7 14. Bg3 Qc7 15. Nf3 g6 16. h4 h5 17. Qf4 Nf8 18. Qh6 Nh7 19. Rh3 Bf8 20. Qf4 Bg7 21. Bh2 Nf8 22. g4 f5 23. gxh5 gxh5 24. Ng5 Ng6 25. Qf3 Re7 26. Qxh5 Nf8 27. Nf3 Bc6 28. Bf4 Be8 29. Qg5 Kh8 30. h5 Nh7 31. Qg2 Bf8 32. h6 Bf7 33. Rg3 Rd7 34. Nh4 Be7 35. Rg7 Bf8 36. Rg8+ Bxg8 37. Ng6# 1-0

[Event "MPL 47th National Women Chess-ch 2022"]
[Site "Odisha"]
[Date "2022.02.25"]
[Round "2.13"]
[White "Parnali, S Dharia"]
[Black "Ishvi Aggarwal"]
[Result "1-0"]
[ECO "E04"]
[WhiteElo "2224"]
[BlackElo "1833"]
[Annotator "NA"]
[PlyCount "133"]
[EventDate "2022.02.25"]
[EventCountry "IND"]
[SourceTitle "playchess.com"]
[Source "ChessBase"]
[SourceQuality "1"]
[TimeControl "5400+30"]

1. d4 d5 2. c4 e6 3. Nf3 Nf6 4. g3 dxc4 5. Bg2 a6 6. a4 Nc6 7. O-O Rb8 8. Nc3 b5 9. axb5 axb5 10. Ne5 Nxe5 11. dxe5 Nd5 12. Nxd5 exd5 13. Bxd5 Bc5 14. Bc6+ Ke7 15. Bg5+ f6 16. exf6+ gxf6 17. Qc1 Qd6 18. Bf3 Bh3 19. Rd1 Qb6 20. Qc3 Bxf2+ 21. Kh1 Kf7 22. g4 Rhd8 23. Rd5 Bxg4 24. Rxb5 Qxb5 25. Qxf6+ Kg8 26. Bxg4 Qd5+ 27. Bf3 Qd6 28. Qc3 Rf8 29. Qxc4+ Kh8 30. Qe4 Rbe8 31. Qc2 Qe5 32. Bd2 Bd4 33. Ra5 c5 34. Bc3 Rg8 35. Ra1 Re6 36. e4 Qf4 37. Qd3 Qxh2+ 38. Kxh2 Rh6+ 39. Bh5 Rxh5+ 40. Qh3 Rxh3+ 41. Kxh3 Rb8 42. Kg4 Kg7 43. e5 Kg6 44. Ra6+ Kf7 45. Kf5 Rb7 46. Rd6 Bxc3 47. bxc3 Rb1 48. Rd7+ Kg8 49. Rc7 h5 50. Rxc5 h4 51. Rc8+ Kg7 52. Rc7+ Kg8 53. Rc4 Rh1 54. Rg4+ Kf7 55. e6+ Ke7 56. Rg7+ Kf8 57. Rh7 h3 58. Kf6 Rf1+ 59. Ke5 Re1+ 60. Kd6 Rd1+ 61. Kc7 Rh1 62. c4 Rc1 63. c5 h2 64. Rxh2 Rxc5+ 65. Kd6 Rc1 66. e7+ Kf7 67. Rf2+ 1-0

[Event "MPL 47th National Women Chess-ch 2022"]
[Site "Odisha"]
[Date "2022.02.25"]
[Round "2.14"]
[White "Tejaswini G"]
[Black "Srija, Seshadri"]
[Result "0-1"]
[ECO "D43"]
[WhiteElo "1742"]
[BlackElo "2219"]
[Annotator "NA"]
[PlyCount "84"]
[EventDate "2022.02.25"]
[EventCountry "IND"]
[SourceTitle "playchess.com"]
[Source "ChessBase"]
[SourceQuality "1"]
[TimeControl "5400+30"]

1. d4 d5 2. Nf3 Nf6 3. c4 c6 4. Nc3 e6 5. Bg5 h6 6. Bh4 dxc4 7. e3 b5 8. a4 Bb4 9. Nd2 Bb7 10. Be2 a6 11. Bf3 Qb6 12. Bxf6 gxf6 13. O-O Nd7 14. axb5 axb5 15. Rxa8+ Bxa8 16. Qc2 Qa5 17. e4 Ke7 18. Bh5 Rd8 19. Qc1 Rh8 20. Re1 Nb6 21. Ndb1 Nd7 22. Qe3 Bd6 23. f4 Bb8 24. e5 f5 25. Qg3 Kf8 26. Bf3 Ba7 27. Rd1 Bb6 28. Ne2 Qa2 29. Qe1 Qxb2 30. Nbc3 Bb7 31. Rb1 Qa3 32. Ra1 Qb4 33. Rb1 Qe7 34. Nxb5 cxb5 35. Bxb7 Nxe5 36. Kh1 Qxb7 37. Qd2 Rg8 38. Nc3 b4 39. Na2 Qe4 40. Rf1 c3 41. Qe2 c2 42. Rc1 Qxg2+ 0-1

[Event "MPL 47th National Women Chess-ch 2022"]
[Site "Odisha"]
[Date "2022.02.26"]
[Round "4.1"]
[White "Priyanka Nutakki"]
[Black "Vaishali R"]
[Result "1/2-1/2"]
[ECO "D85"]
[WhiteElo "2301"]
[BlackElo "2403"]
[Annotator "ChessBase"]
[PlyCount "60"]
[EventDate "2022.02.25"]
[EventCountry "IND"]
[SourceTitle "playchess.com"]
[Source "ChessBase"]
[SourceQuality "1"]
[TimeControl "5400+30"]

1. d4 Nf6 2. c4 g6 3. Nc3 d5 4. cxd5 Nxd5 5. Bd2 c5 6. e4 Nxc3 7. Bxc3 cxd4 8. Qxd4 Qxd4 9. Bxd4 f6 10. Bb5+ Bd7 11. Bxd7+ Nxd7 12. Rc1 e5 13. Be3 Bb4+ 14. Ke2 Ke7 15. Rc4 Ba5 16. Nf3 Rhc8 17. Rhc1 Rxc4 18. Rxc4 Bb6 19. Bxb6 axb6 20. a3 Kd6 21. Ne1 Nc5 22. Nd3 Rf8 23. f3 Nxd3 24. Kxd3 Rd8 25. Ke3 Re8 26. Rb4 Kc6 27. Rc4+ Kd6 28. Kd3 Rd8 29. Ke3 Re8 30. Kd3 Rd8 1/2-1/2

[Event "MPL 47th National Women Chess-ch 2022"]
[Site "Odisha"]
[Date "2022.02.26"]
[Round "4.2"]
[White "Soumya, Swaminathan"]
[Black "Chitlange Sakshi"]
[Result "1/2-1/2"]
[ECO "B12"]
[WhiteElo "2360"]
[BlackElo "2205"]
[Annotator "ChessBase"]
[PlyCount "75"]
[EventDate "2022.02.25"]
[EventCountry "IND"]
[SourceTitle "playchess.com"]
[Source "ChessBase"]
[SourceQuality "1"]
[TimeControl "5400+30"]

1. e4 c6 2. d4 d5 3. e5 Bf5 4. h4 h5 5. c4 e6 6. Nc3 dxc4 7. Bxc4 Nd7 8. Nge2 Be7 9. Ng3 Bg6 10. Nce4 Nh6 11. Bg5 Qa5+ 12. Kf1 Bxe4 13. Nxe4 Nf5 14. Bd2 Qb6 15. Bc3 Rd8 16. Qe1 Qc7 17. Be2 Nb6 18. Rd1 Nd5 19. g3 Nxc3 20. bxc3 g6 21. Kg2 c5 22. Bb5+ Kf8 23. Nxc5 Bxc5 24. dxc5 Rxd1 25. Qxd1 Qxe5 26. Qf3 Kg7 27. Rd1 Rc8 28. Qxb7 Rxc5 29. c4 Nd4 30. a4 Rc7 31. Qa8 Qf6 32. Qe4 Nb3 33. Qd3 Nc5 34. Qd6 Ne4 35. Qd4 Nc5 36. Qd6 Ne4 37. Qd4 Nc5 38. Qd6 1/2-1/2